AoeStats
← Mendez_AxS

Four Lakes

508714721Analyzed
1v1 RM · 9d ago on Sep 23, 2026· 36m 40s· 2 players
Game mode
Random Map
Map size
Tiny (2 player)
Population
200
Speed
Normal
Resources
Standard
Victory
Conquest
Starting age
Dark Age
Ending age
Imperial Age
RankedLock teamsTeams togetherTeam positionsShared explorationLock speedFull tech treeHidden civsTurbo modeCheats
Victory
Defeat
🇪🇸 Lithuanians · Spain
904
+17
🇲🇽 Wu · Mexico
933
-43
coen.hendriks
4:45 Loom
11:34 Feudal Age
18:03 Castle Age
17:59 Bloodlines
17:42 Double-Bit Axe
21:09 Pikeman
23:01 Fervor
30:13 Imperial Age
28:23 Wheelbarrow
28:09 Elite Skirmisher
29:01 Horse Collar
30:27 Ballistics
32:01 Chemistry
34:54 Halberdier
36:00 Town Watch
36:33 Fletching
Mendez_AxS
5:13 Loom
9:55 Feudal Age
15:23 Double-Bit Axe
18:07 Horse Collar
21:44 Wheelbarrow
25:53 Castle Age
26:46 Fletching
26:57 Padded Archer Armor
31:36 Imperial Age
29:20 Bow Saw
Connection lost

Rejoining the realm…

Still unreachable

The connection could not be restored.

Session expired

The server has moved on; the page needs a fresh start.